AoeStats
← 季夏

Arabia

509825855Analyzed
1v1 RM · 3d ago on Sep 28, 2026· 36m 40s· 2 players
Game mode
Random Map
Map size
Tiny (2 player)
Population
200
Speed
Normal
Resources
Standard
Victory
Conquest
Starting age
Dark Age
Ending age
Imperial Age
RankedLock teamsTeams togetherTeam positionsShared explorationLock speedFull tech treeHidden civsTurbo modeCheats
Victory
Defeat
🇨🇳 Huns · China
952
+16
🇩🇪 Vietnamese · Germany
953
-16
季夏
7:03 Loom
9:35 Feudal Age
13:40 Double-Bit Axe
20:20 Castle Age
19:19 Forging
19:14 Scale Barding Armor
19:56 Fletching
20:08 Padded Archer Armor
20:14 Scale Barding Armor
20:41 Stone Mining
21:52 Wheelbarrow
21:37 Bow Saw
21:09 Horse Collar
23:06 Heavy Plow
25:05 Thumb Ring
26:12 Ballistics
26:12 Bloodlines
26:53 Bodkin Arrow
27:31 Gold Mining
29:57 Murder Holes
34:07 Gold Shaft Mining
HellasFip
9:29 Feudal Age
9:57 Loom
10:00 Double-Bit Axe
10:41 Horse Collar
17:46 Castle Age
17:42 Gold Mining
18:26 Town Watch
19:20 Wheelbarrow
18:37 Town Watch
19:05 Bow Saw
22:09 Heavy Plow
26:23 Wheelbarrow
26:09 Stone Mining
25:43 Elite Skirmisher
26:51 Fletching
27:43 Padded Archer Armor
28:34 Sanctity
29:08 Crossbowman
32:05 Bodkin Arrow
36:03 Squires
36:05 Scale Mail Armor
36:15 Forging
Connection lost

Rejoining the realm…

Still unreachable

The connection could not be restored.

Session expired

The server has moved on; the page needs a fresh start.